 Dungeon Crawl Stone Soup version 0.27-a0-1191-g601b473118 (webtiles) character file.

Game seed: 13398776640180181747

52 lunkers the Poker (level 3, -2/28 HPs)
             Began as a Merfolk Gladiator on May 24, 2021.
             Slain by an orc
             ... wielding a +0 flail
              (3 damage)
             ... on level 3 of the Dungeon.
             The game lasted 00:01:36 (1941 turns).

lunkers the Poker (Merfolk Gladiator)               Turns: 1941, Time: 00:01:36

Health: -2/28      AC:  4    Str: 14    XL:     3   Next: 85%
Magic:  3/3        EV: 13    Int:  7    God:
Gold:   103        SH:  0    Dex: 16    Spells: 2/2 levels left

rFire    . . .     SeeInvis .   a - +0 trident
rCold    . . .     Faith    .   (no shield)
rNeg     . . .     Spirit   .   b - +0 leather armour
rPois    .         Reflect  .   c - +0 helmet
rElec    .         Harm     .   (no cloak)
rCorr    .         Rampage  .   (no gloves)
Will     .....                  (no boots)
Stlth    +.........             (no amulet)
HPRegen  0.09/turn              (no ring)
MPRegen  0.08/turn              (no ring)

@: no status effects
A: (nimble swimmer 2), mertail
a: no special abilities


You were on level 3 of the Dungeon.
You visited 1 branch of the dungeon, and saw 3 of its levels.

You collected 103 gold pieces.

Inventory:

Hand Weapons
 a - a +0 trident (weapon)
Missiles
 d - 3 throwing nets {=f}
Armour
 b - a +0 leather armour (worn)
 c - a +0 helmet (worn)
Scrolls
 e - 3 scrolls of identify {unknown}
 f - a scroll of vulnerability {unknown}
 i - a scroll of fog {unknown}
 j - a scroll of amnesia {unknown}
Potions
 g - a potion of might {unknown}
 h - a potion of berserk rage {unknown}
 k - 3 potions of attraction {unknown}


   Skills:
 + Level 2.8 Fighting
 * Level 5.7 Polearms
 - Level 2.0 Throwing
 + Level 4.6 Dodging


You had 2 spell levels left.
You didn't know any spells.
Your spell library contained the following spells:

 Spells                   Type           Power      Damage    Failure   Level
 Animate Skeleton         Necr           0%         N/A       52%         1
 Apportation              Tloc           0%         N/A       52%         1
 Corona                   Hex            0%         N/A       52%         1
 Summon Small Mammal      Summ           0%         N/A       52%         1


Dungeon Overview and Level Annotations

Branches:
Dungeon (3/15)

Altars:

Shops:
D:2 ?


Innate Abilities, Weirdness & Mutations

((You are quick and stealthy near water. (Stealth+, EV+, Speed+++)))
Your lower body shifts to a powerful aquatic tail in water.


Message History

The orc shouts!
An orc comes into view. It is wielding a +0 club.
A gnoll comes into view. It is wielding a +0 spear.
A goblin comes into view. It is wielding a +0 club.
There are monsters nearby! 2 gnolls come into view.
The gnoll shouts! x3; The goblin shouts!
The orc shouts! x2
The gnoll throws a throwing net.
The throwing net hits you.
You become entangled in the net!
You see here a throwing net.
You struggle against the net.
The orc hits you with a +0 hand axe.
A gnoll comes into view. It is wielding a +0 spear.
The goblin hits you with a +0 club.
You tear a large gash into the net.
The orc hits you but does no damage. The goblin hits you but does no damage.
You struggle against the net.
The goblin hits you but does no damage.
You rip the net and break free!
The orc misses you.
The gnoll hits you from afar with a +0 spear.
The orc closely misses you. The goblin closely misses you.
You see here a +0 leather armour.
The gnoll hits you from afar with a +0 spear.
The gnoll throws a throwing net.
The throwing net hits you.
You become entangled in the net!
There is a stone staircase leading up here.
You see here a throwing net.
You struggle against the net.
The gnoll barely misses you.
You struggle against the net.
The gnoll hits you with a +0 whip.
* * * LOW HITPOINT WARNING * * *
The gnoll closely misses you.
You struggle against the net.
The gnoll hits you from afar with a +0 spear!
* * * LOW HITPOINT WARNING * * *
You rip the net and break free!
The orc barely misses you. The gnoll completely misses you.
The gnoll hits you from afar with a +0 spear.
* * * LOW HITPOINT WARNING * * *
The orc closely misses you. The orc hits you with a +0 flail.
You die...

############
.........o@#
........gog#
........gog#
..........g#
...........#
...........#
.......(..##
..........#
..........#


You could see 4 gnolls, 3 orcs and a goblin.

Vanquished Creatures
  An adder (D:2)
  4 ball pythons
  4 endoplasms
  2 goblins
  6 hobgoblins
  6 jackals
  7 kobolds
  A quokka (D:1)
  2 bats (D:1)
  3 frilled lizards (D:1)
  5 rats
41 creatures vanquished.

Notes
Turn   | Place    | Note
-------+----------+-------------------------------------------
     0 | D:1      | lunkers the Merfolk Gladiator began the quest for the Orb.
     0 | D:1      | Reached XP level 1. HP: 16/16 MP: 1/1
   133 | D:1      | Reached XP level 2. HP: 18/23 MP: 2/2
   245 | D:1      | Reached skill level 5 in Polearms
   582 | D:1      | Reached XP level 3. HP: 28/28 MP: 3/3
  1128 | D:2      | Found Ithe's Magic Scroll Emporium.
  1940 | D:3      | HP: 1/28 [gnoll/+0 spear (4)]
  1941 | D:3      | Slain by an orc

Illustrated notes

Levels and vault maps discovered:
D:1:      psy_arrival_radial02, layout_basic, serial_park_tiny_1
D:2:      layout_basic, serial_shops, shop
D:3:      layout_basic, old_standard_altar

Skill      XL: |  1  2 |
---------------+-------+-----
Polearms       | 5 |  5.7
Fighting       | |  2.8
Throwing       | |  2.0
Dodging        | |  4.6

Action                   || total
-------------------------++-------
Melee: Trident           ||    99
 Stab: Sleeping          ||     5
Armor: Leather armour    ||    27
Dodge: Dodged            ||    57

Table legend: (Time is in decaauts)
 A = Elapsed time spent in this place.
 B = Non-inter-level travel time spent in this place.
 C = Inter-level travel time spent in this place.
 D = Time resting spent in this place.
 E = Time spent auto-exploring this place.
 F = Levels seen in this place.
 G = Mean time per level.
                   A        B        C        D        E       F      G
               +--------+--------+--------+--------+--------+-----+--------+
         Total |   1944 |   1877 |     67 |    131 |   1497 |   3 |  648.0 |
       Dungeon |   1944 |   1877 |     67 |    131 |   1497 |   3 |  648.0 |
               +--------+--------+--------+--------+--------+-----+--------+

Top non-repeatable levels by time:
     D:2: 1009 daAuts
     D:1: 914 daAuts
     D:3: 19 daAuts
